 Seeded DCSS version 0.27.1-33-g824d729ab1 (webtiles) character file.

Game seed: 12500786641603523225 (custom seed)

95295 voltaire321 the Thaumaturge (level 15, -5/90 HPs)
             Began as a Deep Elf Earth Elementalist on Dec 8, 2021.
             Was a High Priest of Vehumet.
             Killed by divine providence
             ... invoked by an orc priest
              (10 damage)
             ... on level 11 of the Dungeon on Dec 9, 2021.
             The game lasted 01:21:59 (20797 turns).

voltaire321 the Thaumaturge (DEEE)                 Turns: 20797, Time: 01:22:00

Health: -5/90      AC: 13    Str: 11    XL:     15   Next: 66%
Magic:  35/43      EV: 19    Int: 26    God:    Vehumet [*****.]
Gold:   548        SH: 10    Dex: 18    Spells: 15/41 levels left

rFire    + . .     SeeInvis .   K - +1 long sword of Causality {vorpal, rC+ Will+ Dex+3}
rCold    + + .     Faith    .   P - +0 buckler
rNeg     + . .     Spirit   .   u - +0 troll leather armour
rPois    +         Reflect  +   I - +0 helmet
rElec    .         Harm     .   s - scarf {rC+ rF+}
rCorr    .         Rampage  .   D - +2 pair of gloves {Str+3}
Will     ++...                  d - +2 pair of boots
Stlth    ++........             F - amulet of reflection
HPRegen  1.25/turn              H - ring of magical power
MPRegen  0.28/turn              G - ring of Jipnipt {+Blink rPois rN+ Str+2}

@: no status effects
A: no striking features
a: Renounce Religion, Evoke Blink


You were on level 11 of the Dungeon.
You worshipped Vehumet.
Vehumet was extremely pleased with you.
You visited 3 branches of the dungeon, and saw 18 of its levels.
You also visited: Sewer and Ice Cave.

You collected 1344 gold pieces.
You spent 796 gold pieces at shops.

Inventory:

Hand Weapons
 v - a +4 dagger of electrocution
 K - the +1 long sword of Causality (weapon) {vorpal, rC+ Will+ Dex+3}
   (You found it on level 10 of the Dungeon)

   It inflicts extra damage upon your enemies.
   Dex:       It affects your dexterity (+3).
   rC:        It protects you from cold.
   Will:      It increases your willpower.
 L - the +9 spear of Boygyxeb {vorpal, rElec Str+5 Int+2}
   (You took it off a spriggan on level 6 of the Lair of Beasts)

   It inflicts extra damage upon your enemies.
   Str:       It affects your strength (+5).
   Int:       It affects your intelligence (+2).
   rElec:     It insulates you from electricity.
 T - the +7 scimitar "Killer Bee's Regret" {vorpal, rPois Str+4}
   (You found it on level 6 of the Lair of Beasts)

   It inflicts extra damage upon your enemies.
   Str:       It affects your strength (+4).
   rPois:     It protects you from poison.
Missiles
 c - 442 stones (quivered)
 j - 88 poisoned darts
Armour
 d - a +2 pair of boots (worn)
 h - a +1 ring mail of fire resistance
 s - a scarf of resistance (worn)
 u - a +0 troll leather armour (worn)
 D - a +2 pair of gloves of strength (worn)
 I - a +0 helmet (worn)
 P - a +0 buckler (worn)
Jewellery
 i - a +4 ring of protection
 m - a ring of positive energy
 q - a ring of protection from cold
 F - an amulet of reflection (around neck)
 G - the ring of Jipnipt (right hand) {+Blink rPois rN+ Str+2}
   (You bought it in a shop on level 8 of the Dungeon)

   [ring of poison resistance]

   Str:       It affects your strength (+2).
   rPois:     It protects you from poison.
   rN:        It protects you from negative energy.
   +Blink:    It lets you blink.
 H - a ring of magical power (left hand)
 J - a ring of wizardry
 Q - a ring of positive energy
 R - the amulet of Lucsuugg {Acrobat rPois rC+ Int-5}
   (You found it on level 6 of the Lair of Beasts)

   [amulet of the acrobat]

   It increases your evasion while moving and waiting.
   Int:       It affects your intelligence (-5).
   rC:        It protects you from cold.
   rPois:     It protects you from poison.
Wands
 t - a wand of digging (5)
 w - a wand of iceblast (16)
 E - a wand of polymorph (5)
 M - a wand of paralysis (14)
 N - a wand of charming (8)
 S - a wand of flame (26)
Scrolls
 a - 10 scrolls of teleportation
 b - 3 scrolls of blinking
 e - 4 scrolls of enchant armour
 g - 2 scrolls of fear
 k - 3 scrolls of enchant weapon
 n - 2 scrolls of amnesia
 r - a scroll of silence {unknown}
 y - 4 scrolls of magic mapping
 O - a scroll of summoning
Potions
 f - 3 potions of might
 l - 12 potions of curing
 o - 4 potions of heal wounds
 p - 2 potions of ambrosia
 x - 3 potions of cancellation
 z - 2 potions of brilliance
 A - 2 potions of invisibility
 B - a potion of haste
 C - 3 potions of resistance


   Skills:
 + Level 9.1 Fighting
 + Level 8.3 Armour
 + Level 12.1 Dodging
 - Level 2.4 Stealth
 - Level 4.0 Shields
 + Level 13.7 Spellcasting
 + Level 10.7 Conjurations
 + Level 4.0 Translocations
 - Level 3.0 Transmutations
 + Level 5.9 Fire Magic
 + Level 11.5 Earth Magic
 + Level 7.3 Poison Magic
 + Level 6.2 Evocations


You had 15 spell levels left.
You knew the following spells:

 Your Spells              Type           Power      Damage    Failure   Level
a - Stone Arrow           Conj/Erth      100%       3d13      1%          3
b - Passwall              Tmut/Erth      45%        N/A       1%          2
c - Static Discharge      Conj/Air       45%        N/A       1%          2
d - Bolt of Magma         Conj/Fire/Erth 30%        4d14      1%          5
e - Passage of Golubria   Tloc           N/A        N/A       8%          4
f - Olgreb's Toxic Radia  Pois           54%        N/A       1%          4
g - Iron Shot             Conj/Erth      33%        9d7       1%          6

Your spell library contained the following spells:

 Spells                   Type           Power      Damage    Failure   Level
 Sandblast                Erth           100%       2d20      1%          1
 Sting                    Tmut/Pois      100%       1d8       1%          1
 Blink                    Tloc           N/A        N/A       1%          2
 Poisonous Vapours        Pois/Air       74%        N/A       1%          2
 Dazzling Flash           Conj/Hex       90%        N/A       1%          3
 Inner Flame              Hex/Fire       33%        N/A       1%          3
 Petrify                  Tmut/Erth      54%        N/A       1%          4
 Gell's Gravitas          Tloc           19%        N/A       2%          3
 Lesser Beckoning         Tloc           19%        N/A       2%          3
 Teleport Other           Tloc           39%        N/A       2%          3
 Leda's Liquefaction      Hex/Erth       23%        N/A       3%          4
 Pain                     Necr           68%        1d7       4%          1
 Corpse Rot               Necr/Air       N/A        N/A       6%          2
 Freezing Cloud           Conj/Ice/Air   18%        6-21      7%          5
 Swiftness                Air            17%        N/A       12%         3
 Tukima's Dance           Hex            17%        N/A       12%         3
 Yara's Violent Unravell  Hex/Tmut       12%        3d7       16%         5
 Manifold Assault         Tloc           39%        N/A       21%         5
 Statue Form              Tmut/Erth      36%        N/A       30%         6
 Cause Fear               Hex            8%         N/A       36%         4
 Agony                    Necr           17%        N/A       73%         5
 Excruciating Wounds      Necr           8%         N/A       73%         5
 Silence                  Hex/Air        8%         N/A       73%         5
 Invisibility             Hex            8%         N/A       99%         6
 Storm Form               Tmut/Air       12%        N/A       100%        7
 Discord                  Hex            8%         N/A       100%        8


Dungeon Overview and Level Annotations

Branches:
Dungeon (11/15)            Temple (1/1) D:5            Lair (6/6) D:8
  Swamp (0/4) Lair:3       Spider (0/4) Lair:4        Slime (0/5) Lair:5
  Sewer (visited)           IceCv (visited)
    Orc: D:9-12

Altars:
Ashenzari
Cheibriados
Dithmenos
Elyvilon
Fedhas
Gozag
Hepliaklqana
Kikubaaqudgha
Makhleb
Nemelex Xobeh
Okawaru
Qazlal
Ru
Sif Muna
Trog
Uskayaw
Vehumet
Wu Jian
Xom
Yredelemnul
Zin
The Shining One
Jiyva

Shops:
D:5 (   D:7 *   D:8 =

Annotations:
D:4 Robin


Message History

You hear a shout!
The orc priest mumbles some strange prayers to Beogh against the orc warrior.
Beogh smites you!
The orc priest calls down the wrath of Beogh upon the orc.
Beogh smites you!
Casting: Bolt of Magma (mildly dangerous; 1% risk of failure)
Confirm with . or Enter, or press ? or * to list all spells.
Aiming: Bolt of Magma (mildly dangerous; 1% risk of failure)
Press: ? - help, Shift-Dir - straight line, f - orc warrior
Aim: an orc warrior, wielding a +0 hand axe and wearing a +0 chain mail (68% to hit)
The bolt of magma misses the orc warrior.
The bolt of magma hits the orc!!!
You kill the orc!
Vehumet accepts your kill.
You feel your power returning.
The orc priest calls down the wrath of Beogh upon the orc warrior.
Beogh smites you!
The orc priest invokes the aid of Beogh against you.
Beogh smites you!
* * * LOW HITPOINT WARNING * * *
The orc priest mumbles some strange prayers to Beogh against the orc.
Beogh smites you!
* * * LOW HITPOINT WARNING * * *
Casting: Bolt of Magma (mildly dangerous; 1% risk of failure)
Confirm with . or Enter, or press ? or * to list all spells.
Aiming: Bolt of Magma (mildly dangerous; 1% risk of failure)
Press: ? - help, Shift-Dir - straight line, f/p - orc warrior
Aim: an orc warrior, wielding a +0 hand axe and wearing a +0 chain mail (68% to hit)
The bolt of magma hits the orc warrior!!
The orc warrior is almost dead.
The bolt of magma hits the orc!!
You kill the orc!
Vehumet accepts your kill.
You feel your power returning.
The bolt of magma hits the orc!!
You kill the orc!
Vehumet accepts your kill.
You feel your power returning.
The orc priest mumbles some strange prayers to Beogh against something.
Beogh smites you!
You die...

#... #....... #. #...#
#.......
#.###.#.####.......
...................
##.###.#..######..## ###
#.. #...#####..#
....#..#####..........#
..oo8...................
.())))o@.......#####.##.
.⌠oo8.+..(..............
..o.# #.......#.........
.o. #.......#..###.### .
#.....[...........
#.......##..#.....
.........##........
8.#.......# .....###
+.......... ...#..


You could see an orc warrior, 4 orc priests and 2 orcs.

Vanquished Creatures
  A frost giant (IceCv)
  The ghost of voltaire321 the Martial Artist, a journeyman OpTm of Wu Jian (Lair:6)
  9 hydras
  A rakshasa (D:9)
  A centaur warrior (D:9)
  2 two-headed ogres
  15 death yaks
  A goliath frog (Lair:6)
  Pikel (D:6)
  An ugly thing (IceCv)
  31 elephants
  Joseph (D:7)
  4 black mambas
  An ice statue (IceCv)
  5 centaur zombies
  16 cane toads
  12 rime drakes
  A kobold demonologist (D:8)
  An unseen horror (D:11)
  8 komodo dragons
  2 trolls
  4 tyrant leeches (Lair:6)
  7 polar bears
  Grinder (D:4)
  3 hornets
  21 blink frogs
  2 spriggans (Lair:6)
  48 yaks
  2 wraiths
  2 wyverns
  2 basilisks
  5 vampire mosquitoes (Lair:6)
  A steam dragon (D:9)
  A death yak simulacrum (Lair:3)
  3 swamp worms (Lair:2)
  9 water moccasins
  An acid dragon (D:11)
  3 black bears
  An orc warrior (D:7)
  3 ice beasts
  A necrophage (D:5)
  A boggart (Lair:6)
  19 wolves
  2 ogres (D:5)
  3 centaurs
  4 kobold brigands
  18 bullfrogs
  A gnoll sergeant (D:8)
  3 scorpions
  A water moccasin zombie (D:5)
  A wyvern skeleton (D:5)
  A water moccasin skeleton (D:5)
  5 wights (D:10)
  A killer bee (D:7)
  4 howler monkeys
  4 hounds
  6 jellies
  2 orc priests
  3 gnoll shamans
  3 centaur skeletons (D:7)
  Jessica (D:2)
  4 bullfrog skeletons
  Natasha (thrice) (D:2)
  4 orc wizards
  An iguana (D:7)
  15 gnolls
  10 adders
  4 shadow imps
  4 white imps
  An ufetubus (D:7)
  2 worms
  26 orcs
  5 bats
  8 endoplasms
  9 giant cockroaches
  13 goblins
  7 hobgoblins
  4 quokkas
  12 ball pythons
  2 frilled lizards
  A goblin skeleton (D:6)
  2 goblin zombies (D:6)
  2 hobgoblin zombies (D:6)
  22 kobolds
  2 kobold skeletons (D:6)
  A kobold zombie (D:6)
  An orc skeleton (D:6)
  5 rats
488 creatures vanquished.

Vanquished Creatures (others)
  A kobold (D:7)
  2 bushes (Lair:6)
  51 fungi
  80 plants
134 creatures vanquished.

Grand Total: 622 creatures vanquished

Notes
Turn   | Place    | Note
-------+----------+-------------------------------------------
     0 | D:1      | voltaire321 the Deep Elf Earth Elementalist began the quest
                  | for the Orb.
     0 | D:1      | Reached XP level 1. HP: 10/10 MP: 6/6
   347 | D:1      | Reached XP level 2. HP: 16/16 MP: 6/8
   441 | D:1      | Learned a level 2 spell: Passwall
   880 | D:2      | Noticed Natasha
   885 | D:2      | Killed Natasha
   886 | D:2      | Reached XP level 3. HP: 20/20 MP: 7/10
  1052 | D:2      | Noticed Jessica
  1056 | D:2      | Killed Jessica
  1057 | D:2      | Reached skill level 1 in Fighting
  1057 | D:2      | Reached XP level 4. HP: 25/25 MP: 8/11
  1304 | D:2      | Found a faded altar of an unknown god.
  1446 | D:2      | Reached skill level 4 in Spellcasting
  1563 | D:2      | Noticed Natasha
  1576 | D:2      | Killed Natasha
  1577 | D:2      | Reached XP level 5. HP: 21/29 MP: 7/13
  1876 | D:2      | Noticed Natasha
  1879 | D:2      | Killed Natasha
  2570 | D:3      | Learned a level 3 spell: Stone Arrow
  2605 | D:3      | You fall into a shaft and drop 2 floors!
  2605 | D:5      | Entered Level 5 of the Dungeon
  2636 | D:5      | Found Ziraydd's Antique Weapon Shop.
  2663 | D:4      | Noticed Robin
  2721 | D:4      | Noticed Grinder
  2854 | D:4      | Reached XP level 6. HP: 34/35 MP: 14/14
  3193 | D:4      | Reached skill level 8 in Spellcasting
  3193 | D:4      | Reached skill level 5 in Conjurations
  3193 | D:4      | Reached XP level 7. HP: 44/44 MP: 14/20
  3843 | D:4      | Killed Grinder
  3844 | D:4      | Reached skill level 1 in Poison Magic
  4233 | D:5      | Found a staircase to the Ecumenical Temple.
  4251 | Temple   | Entered the Ecumenical Temple
  4443 | Temple   | Became a worshipper of Vehumet
  4534 | D:5      | Reached XP level 8. HP: 48/48 MP: 20/22
  4594 | D:5      | Reached skill level 5 in Fighting
  4594 | D:5      | Reached skill level 5 in Armour
  4594 | D:5      | Reached skill level 9 in Spellcasting
  4595 | D:5      | Reached XP level 9. HP: 54/54 MP: 22/24
  5479 | D:6      | Noticed Pikel
  5485 | D:6      | Killed Pikel
  5487 | D:6      | Reached * piety under Vehumet
  5487 | D:6      | Offered knowledge of Shock by Vehumet.
  5661 | D:6      | Found a glowing drain.
  5680 | Sewer    | Entered a sewer
  6146 | D:6      | Found a glowing golden altar of the Shining One.
  6149 | D:6      | Reached ** piety under Vehumet
  6153 | D:6      | Offered knowledge of Freeze by Vehumet.
  6336 | D:6      | Reached XP level 10. HP: 60/60 MP: 18/25
  6685 | D:7      | Noticed Joseph
  6711 | D:6      | Reached skill level 10 in Spellcasting
  6753 | D:7      | Killed Joseph
  6836 | D:7      | Found Resitagokao's Retail Resort.
  7334 | D:7      | Found an ornate altar of the Wu Jian Council.
  7358 | D:7      | Offered knowledge of Static Discharge by Vehumet.
  7935 | D:8      | Found a staircase to the Lair.
  8029 | D:8      | Noticed a two-headed ogre
  8037 | D:8      | Killed a two-headed ogre
  8088 | D:8      | Found Tarrag's Jewellery Shoppe.
  8099 | D:8      | Bought an amulet of reflection for 330 gold pieces
  8184 | D:8      | Reached skill level 5 in Poison Magic
  8422 | D:8      | Reached *** piety under Vehumet
  8566 | D:8      | Learned a level 2 spell: Static Discharge
  9091 | D:8      | Reached XP level 11. HP: 64/64 MP: 27/27
  9093 | D:8      | Offered knowledge of Hailstorm by Vehumet.
  9589 | D:9      | Reached skill level 1 in Evocations
  9645 | D:9      | Noticed a rakshasa
  9660 | D:9      | Killed a rakshasa
  9778 | D:9      | Noticed a centaur warrior
  9784 | D:9      | Killed a centaur warrior
 10312 | D:10     | Entered Level 10 of the Dungeon
 10582 | D:10     | Noticed a two-headed ogre
 10588 | D:10     | Killed a two-headed ogre
 10822 | D:10     | Reached **** piety under Vehumet
 10913 | D:10     | Identified the +1 long sword of Causality {vorpal, rC+
                  | Will+ Dex+3}
 11048 | D:10     | Offered knowledge of Conjure Flame by Vehumet.
 11056 | D:10     | Reached skill level 10 in Dodging
 11483 | Lair:1   | Entered Level 1 of the Lair of Beasts
 11614 | Lair:1   | Reached skill level 11 in Spellcasting
 11671 | Lair:1   | Noticed a seven-headed hydra
 11678 | Lair:1   | Killed a seven-headed hydra
 11914 | Lair:1   | Noticed a four-headed hydra
 11919 | Lair:1   | Killed a four-headed hydra
 11920 | Lair:1   | Reached XP level 12. HP: 71/71 MP: 29/29
 12087 | Lair:1   | Reached skill level 10 in Earth Magic
 12678 | Lair:2   | Learned a level 5 spell: Bolt of Magma
 12844 | Lair:2   | Noticed a four-headed hydra
 12850 | Lair:2   | Killed a four-headed hydra
 13206 | Lair:2   | Reached skill level 1 in Fire Magic
 13522 | Lair:3   | Reached ***** piety under Vehumet
 13626 | Lair:3   | Identified the +5 leather armour "Tuprips" {Fly rC- Regen+}
 13659 | Lair:3   | Found a frozen archway.
 13667 | Lair:3   | HP: 1/72 [death yak simulacrum (28)]
 13673 | IceCv    | Entered an ice cave
 13787 | IceCv    | Noticed a death yak
 13800 | IceCv    | Killed a death yak
 13800 | IceCv    | Offered knowledge of Iskenderun's Battlesphere by Vehumet.
 13985 | IceCv    | Noticed a death yak
 13991 | IceCv    | Killed a death yak
 14457 | IceCv    | Reached skill level 5 in Evocations
 14508 | IceCv    | Noticed a death yak
 14509 | IceCv    | Noticed a death yak
 14515 | IceCv    | Killed a death yak
 14516 | IceCv    | Reached XP level 13. HP: 76/76 MP: 15/30
 14518 | IceCv    | Reached skill level 12 in Spellcasting
 14648 | IceCv    | Noticed a frost giant
 14662 | IceCv    | Killed a frost giant
 15079 | Lair:3   | Found a staircase to the Swamp.
 15085 | Lair:3   | Reached skill level 1 in Shields
 15769 | Lair:3   | Identified the +5 chain mail of Marbles {Harm +Blink Int+4
                  | Dex-5}
 15840 | Lair:3   | Learned a level 4 spell: Passage of Golubria
 16098 | Lair:4   | Reached skill level 10 in Conjurations
 16102 | Lair:4   | Reached skill level 1 in Translocations
 16347 | Lair:4   | Found a hole to the Spider Nest.
 17265 | D:8      | Bought the ring of Jipnipt {+Blink rPois rN+ Str+2} for 466
                  | gold pieces
 17267 | D:8      | Reached skill level 13 in Spellcasting
 17267 | D:8      | Reached XP level 14. HP: 84/84 MP: 33/33
 17568 | Lair:5   | Reached XP level 15. HP: 89/89 MP: 16/34
 17937 | Lair:5   | Reached skill level 5 in Fire Magic
 18133 | Lair:5   | Found a staircase to the Slime Pits.
 18133 | Lair:5   | Found a viscous altar of Jiyva.
 18300 | Lair:5   | Learned a level 4 spell: Olgreb's Toxic Radiance
 18450 | Lair:6   | Entered Level 6 of the Lair of Beasts
 18479 | Lair:6   | Offered knowledge of Orb of Destruction by Vehumet.
 19948 | Lair:6   | Offered knowledge of Iron Shot by Vehumet.
 19950 | Lair:6   | Found a runed translucent door.
 19960 | Lair:6   | Learned a level 6 spell: Iron Shot
 19991 | Lair:6   | Noticed voltaire321's ghost (journeyman OpTm)
 19997 | Lair:6   | Identified the +9 spear of Boygyxeb {vorpal, rElec Str+5
                  | Int+2}
 20021 | Lair:6   | Killed voltaire321's ghost
 20249 | Lair:6   | Identified the amulet of Lucsuugg {Acrobat rPois rC+ Int-5}
 20254 | Lair:6   | Identified the +7 scimitar "Killer Bee's Regret" {vorpal,
                  | rPois Str+4}
 20256 | Lair:6   | Identified the +0 helmet of the Raven {+Inv}
 20796 | D:11     | HP: 4/90 [orc priest/divine providence (14)]
 20797 | D:11     | Killed from afar by an orc priest

Illustrated notes

Levels and vault maps discovered:
D:1:      nicolae_arrival_memento_mori, layout_rooms,
          chequers_serial_rivers_micro_c
D:2:      layout_loops_corners, hellmonk_ecumenical_altar_leap_of_faith,
          serial_bayou_pond_e, grunt_ministairs_2, minmay_tetromino_s4,
          uniq_jessica, uniq_natasha
D:3:      layout_rooms, serial_glass, glass_columns_c, glass_columns_b,
          glass_columns_a, glass_columns_a, glass_columns_c, glass_columns_c,
          due_unseen_surprise
D:4:      layout_basic, chequers_serial_rivers_large_b, uniq_robin, uniq_grinder
D:5:      layout_loops_ring, minmay_temple_entry_glass, serial_shops,
          shop_fountains, minmay_divided_ellipse
D:6:      layout_rooms, nicolae_tso_besieged_by_evil, portal_sewer_entry_f,
          uniq_pikel
D:7:      layout_cave_pods, nrook_pool_corridor, nicolae_alphabet_shops,
          minmay_ruined_shrine, uniq_joseph
D:8:      layout_basic, lair_entry_dummy, serial_shops, nicolae_shop_crystal
D:9:      minmay_cornered_nines, layout_stronghold, kennysheep_path_1
D:10:     layout_cave_pods, chequers_serial_rivers_room_a
D:11:     layout_basic, david_orc_5
Temple:   minmay_crystal_snake_temple
Lair:1:   layout_long_grid
Lair:2:   layout_cave_pods, worms_lemuel
Lair:3:   layout_gridlike, swamp_mist, portal_ice_cave_entry_ice_simulacra
Lair:4:   layout_small_grid, dummy_spider_entry, grunt_megastairs_3
Lair:5:   layout_roguey, slime_altar_1, st_stairs_10
Lair:6:   minmay_lair_end_frog_pond, layout_regular_city,
          ebering_ghost_funeral_grove

Skill      XL: |  1  2  3  4  5  6  7  8  9 10 11 12 13 14 15 |
---------------+----------------------------------------------+-----
Dodging        | 3 7 8 9 10 11 12 | 12.1
Fighting       | 1 4 5 6 7 8 9 |  9.1
Transmutations | 2 3 |  3.0
Spellcasting   | 4 8 9 10 11 13 | 13.7
Earth Magic    | 4 7 8 9 10 11 | 11.5
Armour         | 4 5 6 7 8 |  8.3
Conjurations   | 5 6 7 8 9 10 | 10.7
Poison Magic   | 1 3 4 5 6 7 |  7.3
Evocations     | 3 5 6 |  6.2
Fire Magic     | 2 4 5 |  5.9
Shields        | 3 4 |  4.0
Translocations | 1 2 4 |  4.0
Stealth        | |  2.4

Action                   |  1- 3 |  4- 6 |  7- 9 | 10-12 | 13-15 || total
-------------------------+-------+-------+-------+-------+-------++-------
Melee: Unarmed           |     4 |       |       |       |       ||     4
       Dagger            |    22 |    48 |   131 |   221 |       ||   422
       Long sword        |       |       |       |    23 |   155 ||   178
 Cast: Sandblast         |    28 |    59 |     1 |       |       ||    88
       Passwall          |       |     2 |       |       |       ||     2
       Stone Arrow       |       |       |    74 |   280 |   197 ||   551
       Bolt of Magma     |       |       |       |    11 |   104 ||   115
       Iron Shot         |       |       |       |       |     1 ||     1
  Use: Scroll            |       |    10 |     3 |    12 |     3 ||    28
       Potion            |       |     1 |     1 |     2 |     3 ||     7
 Stab: Sleeping          |       |       |     2 |     2 |       ||     4
Armor: Robe              |     2 |    11 |       |       |       ||    13
       Troll leather arm |       |    18 |    74 |   157 |    92 ||   341
Dodge: Dodged            |    21 |    71 |   154 |   322 |   251 ||   819
Block: Other             |       |       |       |    38 |       ||    38
       Reflection        |       |       |       |     7 |     1 ||     8
       Buckler           |       |       |       |    80 |   190 ||   270
       Rpst.: Long sword |       |       |       |    14 |    64 ||    78
